 Dungeon Crawl Stone Soup version 0.24.0-2-g5b39cebb1c (webtiles) character file.

Game seed: 6172440035870278413, levelgen mode: deterministic

12359 bl3nd3r the Severer (level 11, -3/97 HPs)
             Began as a Minotaur Berserker on Oct 31, 2019.
             Was a High Priest of Trog.
             Slain by a four-headed hydra (10 damage)
             ... on level 11 of the Dungeon.
             The game lasted 00:35:46 (12402 turns).

bl3nd3r the Severer (Minotaur Berserker)           Turns: 12402, Time: 00:35:46

Health: -3/97      AC:  8    Str: 25    XL:     11   Next: 61%
Magic:  10/10      EV: 13    Int:  4    God:    Trog [*****.]
Gold:   505        SH:  2    Dex: 10    Spells: 10/10 levels left

rFire    . . .     SeeInvis +   a - +0 war axe (vamp)
rCold    . . .     Gourm    .   (no shield)
rNeg     + . .     Faith    .   g - +0 leather armour
rPois    .         Spirit   .   (helmet restricted)
rElec    .         Reflect  +   K - +0 cloak
rCorr    .         Harm     .   s - +1 pair of gloves
MR       ++...                  (no boots)
Stlth    +.........             v - +2 amulet of reflection
HPRegen  1.26/turn              r - ring of positive energy
MPRegen  0.12/turn              p - ring of see invisible

@: regenerating
A: retaliatory headbutt, horns 2
a: Berserk, Trog's Hand, Brothers in Arms, Renounce Religion


You were on level 11 of the Dungeon.
You worshipped Trog.
Trog was extremely pleased with you.
You were not hungry.

You visited 1 branch of the dungeon, and saw 11 of its levels.

You collected 505 gold pieces.

Inventory:

Hand Weapons
 a - a +0 vampiric war axe (weapon)
 b - a +3 dire flail
 z - a +1 hand axe
 E - a +0 broad axe
 I - a +1 antimagic executioner's axe
 O - a +4 battleaxe
Armour
 g - a +0 leather armour (worn)
 s - a +1 pair of gloves (worn)
 K - a +0 cloak (worn)
Jewellery
 m - an uncursed amulet of regeneration
 p - a ring of see invisible (right hand)
 r - a ring of positive energy (left hand)
 v - a +2 amulet of reflection (around neck)
 G - an uncursed amulet of magic regeneration
Wands
 t - a wand of polymorph (5)
 y - a wand of disintegration (17)
 J - a wand of paralysis (3)
Scrolls
 d - 2 scrolls of fog
 e - 2 scrolls of amnesia {unknown}
 h - 3 scrolls of enchant weapon
 i - 2 scrolls of magic mapping {unknown}
 j - a scroll of enchant armour
 n - 2 scrolls of immolation {unknown}
 o - a scroll of vulnerability {unknown}
 u - 4 scrolls of teleportation
 x - 4 scrolls of remove curse
 L - a scroll of identify
 M - a scroll of blinking {unknown}
Potions
 f - 2 potions of degeneration {unknown}
 k - 2 potions of might {unknown}
 l - 3 potions of flight {unknown}
 q - 7 potions of curing
 w - 2 potions of resistance
 A - 2 potions of ambrosia
 B - a potion of brilliance {unknown}
 C - 3 potions of magic
 D - 3 potions of agility
 F - 2 potions of lignification {unknown}
 H - a potion of cancellation {unknown}
Comestibles
 c - 28 rations
 N - 4 chunks of flesh


   Skills:
 + Level 9.6 Fighting
 + Level 16.9 Axes
 + Level 9.2 Armour
 - Level 5.0 Dodging


You had 10 spell levels left.
You didn't know any spells.
Your spell library was empty.

Dungeon Overview and Level Annotations

Branches:
Dungeon (11/15)            Temple (0/1) D:6            Lair (0/6) D:11
    Orc: D:9-12

Altars:
Cheibriados
Elyvilon
Gozag
Kikubaaqudgha
Sif Muna
Wu Jian
The Shining One

Shops:
D:4 [   D:10 (=([=


Innate Abilities, Weirdness & Mutations

You reflexively headbutt those who attack you in melee.
You have a pair of horns on your head.


Message History

Trog accepts your kill.
You closely miss the porcupine. The porcupine bites you.
* * * LOW HITPOINT WARNING * * *
You slash the porcupine!
You feel better.
The porcupine is heavily wounded.
The porcupine closely misses you.
The four-headed hydra roars!
Okay, then.
Your skin crawls.
You feel resistant to hostile enchantments.
You feel somewhat more hungry. The porcupine completely misses you.
You furiously retaliate!
You headbutt the porcupine.
A manticore comes into view.
A wight comes into view. It is wielding a +0 halberd.
The four-headed hydra closely misses you.
The four-headed hydra bites you!
* * * LOW HITPOINT WARNING * * *
The four-headed hydra barely misses you.
The four-headed hydra bites you!
You die...
T

#.)).). ..# ##)[).. # ...###.....
###. #.......D..o #.<.
#.###....)h #...########## #
#...#...... #
#............#.###H...).....
######.................z.........
...........rY..r@D...........(...
..####.#......t..............####
..l###.#.≈.h........##......##
#thh.#.#............####.....
#.trT§..............# #...###
...ht#.#..................
.Pr..#.#............##.
....a................ .......##


You could see a four-headed hydra, a manticore, a crocodile, a black bear, a sky
beast, 2 porcupines and a wight.

Vanquished Creatures
  Josephine (D:10)
  3 two-headed ogres
  An ugly thing (D:10)
  2 trolls (D:10)
  Grinder (D:4)
  A hippogriff (D:10)
  A spriggan (D:7)
  Sigmund (D:2)
  6 yaks
  5 wraiths (D:10)
  2 hungry ghosts
  A wyvern (D:9)
  A water moccasin (D:9)
  5 sky beasts
  A porcupine (D:11)
  2 ice beasts
  6 orc warriors
  2 phantoms
  2 ogres
  A black bear (D:6)
  A necrophage (D:10)
  5 centaurs
  7 bullfrogs
  A wyvern skeleton (D:11)
  3 scorpions
  3 killer bees (D:7)
  11 wights
  10 howler monkeys
  6 electric eels (D:9)
  6 crimson imps
  A quasit (D:8)
  2 bullfrog zombies
  3 jellies
  A centaur zombie (D:6)
  8 hounds
  2 centaur skeletons (D:5)
  18 orc wizards
  A bullfrog skeleton (D:11)
  8 orc priests
  5 iguanas
  9 worker ants
  A hound skeleton (D:4)
  A worker ant zombie (D:10)
  3 gnolls (D:6)
  9 adders
  2 shadow imps (D:6)
  An ooze (D:1)
  An adder zombie (D:8)
  An adder skeleton (D:5)
  A worm (D:3)
  3 dart slugs (D:1)
  2 leopard geckos
  36 orcs
  A giant cockroach (D:3)
  13 goblins
  6 hobgoblins
  12 jackals
  7 kobolds
  5 quokkas
  3 ball pythons
  2 bats
  4 frilled lizards
  2 goblin skeletons (D:8)
  2 hobgoblin zombies (D:8)
  A jackal skeleton (D:8)
  2 kobold skeletons (D:8)
  A kobold zombie (D:8)
  A leopard gecko skeleton (D:9)
  An orc zombie (D:8)
  A quokka skeleton (D:7)
  8 rats
289 creatures vanquished.

Vanquished Creatures (others)
  A phantom (D:7)
  A wight (D:7)
  An orc wizard (D:7)
  A worker ant (D:7)
  An orc (D:11)
  2 fungi (D:11)
  4 plants (D:11)
11 creatures vanquished.

Grand Total: 300 creatures vanquished

Notes
Turn   | Place    | Note
-------+----------+-------------------------------------------
     0 | D:1      | bl3nd3r the Minotaur Berserker began the quest for the Orb.
     0 | D:1      | Reached XP level 1. HP: 19/19 MP: 0/0
   270 | D:1      | Reached skill level 4 in Axes
   368 | D:1      | Reached XP level 2. HP: 26/26 MP: 1/1
   738 | D:1      | Reached skill level 5 in Axes
   827 | D:1      | Reached XP level 3. HP: 31/31 MP: 2/2
  1376 | D:2      | Noticed Sigmund
  1467 | D:2      | Reached ** piety under Trog
  1741 | D:2      | Found an opulent altar of Gozag.
  1777 | D:2      | Reached XP level 4. HP: 39/39 MP: 3/3
  1891 | D:2      | Reached skill level 6 in Axes
  1927 | D:2      | Killed Sigmund
  1927 | D:2      | Reached skill level 7 in Axes
  1927 | D:2      | Reached XP level 5. HP: 45/45 MP: 4/4
  1993 | D:3      | Found a white marble altar of Elyvilon.
  2011 | D:3      | Noticed Grinder
  2659 | D:4      | Reached skill level 8 in Axes
  2659 | D:4      | Killed Grinder
  2659 | D:4      | Reached skill level 9 in Axes
  2659 | D:4      | Reached XP level 6. HP: 51/51 MP: 5/5
  2938 | D:4      | Reached XP level 7. HP: 34/57 MP: 6/6
  3487 | D:4      | Found Gaerozxu's Armour Shop.
  4010 | D:5      | Entered Level 5 of the Dungeon
  4047 | D:5      | Found a snail-covered altar of Cheibriados.
  4055 | D:5      | Reached skill level 10 in Axes
  4177 | D:5      | Found a shimmering blue altar of Sif Muna.
  4408 | D:5      | Reached skill level 11 in Axes
  4712 | D:5      | Found an ancient bone altar of Kikubaaqudgha.
  4712 | D:5      | Found an ornate altar of the Wu Jian Council.
  4717 | D:5      | Found a faded altar of an unknown god.
  4720 | D:5      | Found a faded altar of an unknown god.
  4721 | D:5      | Found a snail-covered altar of Cheibriados.
  4786 | D:6      | Reached XP level 8. HP: 40/64 MP: 7/7
  5367 | D:6      | Reached skill level 12 in Axes
  5600 | D:6      | Found a staircase to the Ecumenical Temple.
  5608 | D:6      | Reached *** piety under Trog
  5875 | D:6      | Reached skill level 13 in Axes
  6386 | D:7      | Reached XP level 9. HP: 60/70 MP: 8/8
  6400 | D:7      | Reached skill level 14 in Axes
  6896 | D:7      | Reached **** piety under Trog
  7271 | D:8      | Found a glowing golden altar of the Shining One.
  7340 | D:8      | Reached skill level 15 in Axes
  7469 | D:8      | Reached skill level 5 in Fighting
  7600 | D:8      | Noticed a two-headed ogre
  7673 | D:7      | Killed a two-headed ogre
  7673 | D:7      | Reached XP level 10. HP: 12/83 MP: 9/9
  7933 | D:7      | Reached ***** piety under Trog
  7933 | D:7      | Reached skill level 5 in Armour
  8779 | D:9      | Reached skill level 5 in Dodging
  9953 | D:10     | Entered Level 10 of the Dungeon
  9953 | D:10     | Noticed a two-headed ogre
  9963 | D:10     | Killed a two-headed ogre
  9963 | D:10     | Reached skill level 16 in Axes
 10208 | D:10     | Found Enaof's Jewellery Shoppe.
 10231 | D:9      | Received a gift from Trog
 10277 | D:10     | Reached XP level 11. HP: 78/94 MP: 3/10
 10484 | D:10     | Found Nelus's Armour Emporium.
 10727 | D:10     | Found Sonoufis's Weapon Shop.
 10742 | D:10     | Noticed a white ugly thing
 10743 | D:10     | Noticed a two-headed ogre
 10768 | D:10     | Killed a white ugly thing
 10774 | D:10     | Killed a two-headed ogre
 10961 | D:10     | Noticed Josephine
 10975 | D:10     | Killed Josephine
 11736 | D:10     | Found Yhur's Weapon Emporium.
 11859 | D:10     | Found Hoploll's Jewellery Emporium.
 12264 | D:11     | Noticed a four-headed hydra
 12381 | D:11     | Found a staircase to the Lair.
 12396 | D:11     | HP: 4/97 [porcupine (5)]
 12402 | D:11     | Slain by a four-headed hydra

Levels and vault maps discovered:
D:1:      minmay_arrival_loop, layout_basic
D:2:      layout_basic, lemuel_coloured_pillars_altar, minmay_cupped,
          uniq_sigmund
D:3:      layout_loops_ring, elyvilon_altar_5, uniq_grinder
D:4:      layout_layer_cave, serial_shops, shop
D:5:      layout_cave_pools, led_sif_pool, chequers_temple_overflow_minitemple,
          first_ration, cheibriados_altar_1
D:6:      minmay_evil_eye, layout_cave_pools, minmay_temple_entry_metal_lava,
          hangedman_decor_opposing, grunt_ministairs_6
D:7:      layout_rooms, the_bakery, lemuel_old_faithful
D:8:      layout_basic, nicolae_tso_besieged_by_evil
D:9:      layout_basic, kennysheep_boxes
D:10:     layout_basic, serial_shops, shop_statue, shop,
          nicolae_shop_temple_entry_statues_fountains, nicolae_shop_stone, shop,
          uniq_josephine
D:11:     layout_rooms, minmay_lair_entry_grove

Skill      XL: |  1  2  3  4  5  6  7  8  9 10 11 |
---------------+----------------------------------+-----
Axes           | 4 5 7 9 11 13 15 16 | 16.9
Fighting       | 5 7 9 |  9.6
Armour         | 4 7 9 |  9.2
Dodging        | 4 5 |  5.0

Action                   |  1- 3 |  4- 6 |  7- 9 | 10-12 || total
-------------------------+-------+-------+-------+-------++-------
Melee: Hand axe          |    80 |    37 |    14 |       ||   131
       Headbutt          |    17 |     8 |    52 |    70 ||   147
       War axe           |       |       |   305 |   313 ||   618
       Executioner's axe |       |       |       |    28 ||    28
Invok: Berserk           |       |     2 |     3 |     2 ||     7
       Trog's Hand       |       |     2 |     2 |     3 ||     7
  Use: Scroll            |       |     3 |     1 |    10 ||    14
  Eat: Chunk             |     3 |     5 |    10 |    20 ||    38
       Ration            |       |     1 |     2 |       ||     3
Armor: Animal skin       |     3 |       |       |       ||     3
       Leather armour    |    15 |     7 |    55 |    64 ||   141
Dodge: Dodged            |    74 |    20 |   170 |   161 ||   425
Block: Other             |       |     1 |    19 |    17 ||    37
